 Dungeon Crawl Stone Soup version 0.19.5 (webtiles) character file.

7009 Jynx the Arsonist (level 10, -6/49 (50) HPs)
             Began as a Deep Elf Fire Elementalist on Mar 23, 2017.
             Was a Priest of Vehumet.
             Hit by a large rock thrown by a cyclops (17 damage)
             ... on level 11 of the Dungeon on Mar 24, 2017.
             The game lasted 00:20:53 (10235 turns).

Jynx the Arsonist (Deep Elf Fire Elementalist)     Turns: 10235, Time: 00:20:53

HP:   -6/49 (50)    AC: 13    Str:  5    XL:     10   Next: 82%
MP:   2/35          EV: 12    Int: 24    God:    Vehumet [***...]
Gold: 238           SH:  0    Dex: 15    Spells: 4 memorised, 17 levels left

rFire  + . .     SeeInvis .     r - +0 long sword (holy)
rCold  . . .     Gourm    .     O - +3 leather armour of Sunlight {+Blink rF+ Stlth+}
rNeg   . . .     Faith    .     (no shield)
rPois  +         Spirit   .     u - +2 helmet
rElec  .         Reflect  .     z - +0 cloak (curse)
rCorr  .         Harm     .     f - +0 pair of gloves
MR     +....                    I - +1 pair of boots {run}
Stlth  +++.......               (no amulet)
                                C - ring of poison resistance
                                A - ring of magical power

@: quick
A: no striking features
a: Renounce Religion, Evoke Blink


You were on level 11 of the Dungeon.
You worshipped Vehumet.
Vehumet was most pleased with you.
You were hungry.

You visited 2 branches of the dungeon, and saw 12 of its levels.

You collected 563 gold pieces.
You spent 325 gold pieces at shops.

Inventory:

Hand Weapons
 r - a +0 long sword of holy wrath (weapon)
Armour
 a - a +2 robe
 f - a +0 pair of gloves (worn)
 u - a +2 helmet (worn)
 z - a cursed +0 cloak (worn)
 I - a +1 pair of boots of running (worn)
 O - the +3 leather armour of Sunlight (worn) {+Blink rF+ Stlth+}
   (You took it off a wight on level 8 of the Dungeon)

   It protects you from fire.
   It lets you blink.
   It makes you more stealthy.
 S - the +1 robe "Mudink" {+Blink rPois rCorr}
   (You found it on level 10 of the Dungeon)

   It protects you from poison.
   It lets you blink.
   It protects you from acid and corrosion.
Jewellery
 A - a ring of magical power (left hand)
 C - a ring of poison resistance (right hand)
Wands
 p - a wand of iceblast (2/15)
 w - a wand of lightning (10/15)
 B - a wand of flame (34/48)
 Q - a wand of flame (31/48)
 V - a wand of teleportation (3/9)
Scrolls
 l - 5 scrolls of teleportation
 m - 2 scrolls of noise {unknown}
 s - 5 scrolls of magic mapping
 t - 9 scrolls of remove curse
 x - 4 scrolls of blinking {unknown}
 y - 3 scrolls of random uselessness {unknown}
 G - a scroll of enchant weapon {unknown}
 K - a scroll of brand weapon {unknown}
 N - 2 scrolls of fear {unknown}
 T - 2 scrolls of fog
 U - a scroll of amnesia {unknown}
Potions
 d - a potion of invisibility
 e - 2 potions of agility
 g - a potion of haste {unknown}
 h - 6 potions of lignification
 i - a potion of magic {unknown}
 j - a potion of resistance {unknown}
 k - a potion of flight {unknown}
 o - a potion of berserk rage {unknown}
 v - 2 potions of brilliance {unknown}
 E - 2 potions of heal wounds
 F - 2 potions of might {unknown}
 H - 4 potions of curing
 R - a potion of degeneration {unknown}
Books
 b - a book of Flames

   Spells                             Type                      Level
   a - Flame Tongue                   Conjuration/Fire             1
   b - Throw Flame                    Conjuration/Fire             2
   c - Conjure Flame                  Conjuration/Fire             3
   d - Inner Flame                    Hexes/Fire                   3
   e - Sticky Flame                   Conjuration/Fire             4
   f - Fireball                       Conjuration/Fire             5
Comestibles
 c - 11 bread rations
 n - 6 meat rations
 q - 4 fruits
 D - 2 slices of pizza
 L - 3 beef jerkies


   Skills:
 - Level 2.4 Dodging
 - Level 2.4 Stealth
 + Level 10.9 Spellcasting
 + Level 9.0 Conjurations
 * Level 12.6 Fire Magic
 + Level 3.9 Evocations


You had 17 spell levels left.
You knew the following spells:

 Your Spells              Type           Power        Failure   Level  Hunger
a - Flame Tongue          Conj/Fire      #####        1%          1    None
b - Conjure Flame         Conj/Fire      ######..     1%          3    None
c - Sticky Flame          Conj/Fire      ######..     1%          4    None
d - Fireball              Conj/Fire      ######....   1%          5    ####...


Dungeon Overview and Level Annotations

Branches:
Dungeon (11/15)            Temple (1/1) D:4
   Lair: D:8-11         Orc: D:9-12

Altars:
Ashenzari
Cheibriados
Dithmenos
Elyvilon
Fedhas
Gozag
Hepliaklqana
Kikubaaqudgha
Makhleb
Nemelex Xobeh
Okawaru
Qazlal
Ru
Sif Muna
Trog
Uskayaw
Vehumet
Xom
Yredelemnul
Zin
The Shining One

Shops:
D:4 }   D:5 %   D:6 [   D:7 [   D:8 [*}?


Message History

Aiming: Fireball
Press: ? - help, Shift-Dir - straight line, f/p - cyclops
Aim: a cyclops (heavily wounded)
The fireball explodes!
The fireball engulfs the cyclops.
The cyclops is almost dead.
The cyclops throws a large rock.
The large rock hits you!!
Casting: Fireball
Confirm with . or Enter, or press ? or * to list all spells.
You don't have enough magic to cast that spell.
The cyclops throws a large rock.
The large rock hits you!!
* * * LOW HITPOINT WARNING * * *
Things that are here:
a large rock; an ugly thing corpse
Okay, then.
Unknown command.
Evoke which item? (* to show all) (? for menu, Esc to quit)
Okay, then.
Okay, then.
The cyclops throws a large rock.
The large rock hits you!
You die...

....... ..... ...# ... .......
.....##..# .... .......
......#..# .......# .......
.......#.####.......$ .......
..........).........# .........
............#........
........C#######.........####.#
.......)))(....##..............
.......)######@.(..............
........# ####.....#######..
........# ##.##.#####....
........# #......#...###
.....C.<# #...##.....#####
#.....u## ...##......#.....
#...... ................#
#...... .................
#...... ####............


You could see a cyclops.

Vanquished Creatures
  A hill giant (D:11)
  An ugly thing (D:11)
  A two-headed ogre (D:8)
  A hippogriff (D:2)
  A wraith (D:10)
  A hungry ghost (D:8)
  A sky beast (D:5)
  2 orc warriors
  2 black bears
  4 ice beasts
  7 necrophages
  3 ogres
  A phantom (D:6)
  7 centaurs
  The ghost of Goboxel the Slasher, an amateur HEMo (D:3)
  4 bullfrogs
  Blork the orc (D:4)
  A big kobold (D:9)
  2 scorpions
  5 killer bees (D:9)
  15 wights
  6 howler monkeys
  A centaur zombie (D:6)
  3 crimson imps
  8 hounds
  Crazy Yiuf (D:4)
  A gnoll shaman (D:9)
  4 orc priests
  2 bullfrog skeletons
  A jelly (D:7)
  A centaur skeleton (D:5)
  Ijyb (D:3)
  2 iguanas
  7 orc wizards
  9 worker ants
  Terence (D:2)
  A hound zombie (D:6)
  A mummy (D:8)
  A worker ant zombie (D:9)
  Robin (D:3)
  9 gnolls
  11 adders
  2 howler monkey skeletons
  2 shadow imps
  2 oozes
  An adder skeleton (D:6)
  4 worms
  7 leopard geckos
  25 orcs
  3 ball pythons
  8 bats
  8 giant cockroaches
  18 goblins
  8 hobgoblins
  7 jackals
  4 quokkas
  6 frilled lizards
  14 kobolds
  A leopard gecko zombie (D:8)
  A quokka skeleton (D:4)
  9 rats
264 creatures vanquished.

Notes
Turn   | Place    | Note
-------+----------+-------------------------------------------
     0 | D:1      | Jynx the Deep Elf Fire Elementalist began the quest for the Orb.
     0 | D:1      | Reached XP level 1. HP: 10/10 MP: 6/6
   177 | D:1      | Reached XP level 2. HP: 15/15 MP: 6/8
   890 | D:1      | Reached skill level 4 in Fire Magic
  1150 | D:2      | Found a radiant altar of Vehumet.
  1153 | D:2      | Reached XP level 3. HP: 19/19 MP: 6/10
  1158 | D:2      | Noticed Terence
  1213 | D:1      | Learned a level 3 spell: Conjure Flame
  1248 | D:2      | Killed Terence
  1504 | D:2      | Reached XP level 4. HP: 24/24 MP: 9/11
  1782 | D:2      | Noticed a hippogriff
  1783 | D:2      | Noticed a bullfrog
  1791 | D:2      | Killed a bullfrog
  1791 | D:2      | Reached skill level 5 in Fire Magic
  1791 | D:2      | Reached XP level 5. HP: 20/28 MP: 4/13
  1795 | D:2      | Killed a hippogriff
  1795 | D:2      | Reached skill level 5 in Spellcasting
  1795 | D:2      | Reached skill level 6 in Fire Magic
  1795 | D:2      | Reached XP level 6. HP: 14/32 MP: 0/15
  2276 | D:3      | Noticed Goboxel's ghost (amateur HEMo)
  2286 | D:3      | Killed Goboxel's ghost
  2472 | D:3      | Found a glowing silver altar of Zin.
  2472 | D:3      | Noticed an angel
  2757 | D:3      | Noticed Robin
  2765 | D:3      | Killed Robin
  2817 | D:3      | Reached XP level 7. HP: 36/36 MP: 4/17
  2973 | D:3      | Noticed Ijyb
  2993 | D:3      | Killed Ijyb
  3386 | D:4      | Found a staircase to the Ecumenical Temple.
  3398 | Temple   | Entered the Ecumenical Temple
  3732 | D:4      | Found a bloodstained altar of Trog.
  3757 | D:4      | Reached skill level 7 in Fire Magic
  4044 | D:4      | Found a sacrificial altar of Ru.
  4245 | D:4      | Noticed Blork the orc
  4254 | D:4      | Killed Blork the orc
  4402 | D:4      | Found a runed door.
  4581 | D:4      | Found Saebbur's Gadget Emporium.
  4753 | D:4      | Noticed Crazy Yiuf
  4758 | D:4      | Killed Crazy Yiuf
  4859 | D:5      | Entered Level 5 of the Dungeon
  4942 | D:5      | Reached skill level 8 in Fire Magic
  5013 | D:5      | Reached skill level 5 in Conjurations
  5013 | D:5      | Reached XP level 8. HP: 18/41 MP: 5/19
  5386 | D:5      | Found Koruj's Food Emporium.
  5605 | D:2      | Became a worshipper of Vehumet
  5962 | D:5      | Reached skill level 9 in Fire Magic
  6459 | D:5      | Learned a level 4 spell: Sticky Flame
  6465 | D:5      | Learned a level 5 spell: Fireball
  6727 | D:6      | Reached XP level 9. HP: 39/45 MP: 16/23
  6781 | D:6      | Found Aneoneda's Antique Armour Emporium.
  6799 | D:6      | Reached skill level 10 in Fire Magic
  6880 | D:6      | Bought a pair of embroidered boots for 325 gold pieces
  6885 | D:6      | Identified a +1 pair of boots of running (You bought it in a shop on level 6 of the Dungeon)
  6965 | D:7      | Found Daeshurch's Armour Shoppe.
  6975 | D:7      | Reached * piety under Vehumet
  6975 | D:7      | Offered knowledge of Sandblast by Vehumet.
  7528 | D:7      | Found a blossoming altar of Fedhas.
  7528 | D:7      | Found a shattered altar of Ashenzari.
  7529 | D:7      | Found a snail-covered altar of Cheibriados.
  7659 | D:8      | Found Zynt's Antique Armour Boutique.
  7835 | D:8      | Reached skill level 11 in Fire Magic
  7902 | D:8      | Found Iwopseq's Gadget Shoppe.
  7977 | D:8      | Reached ** piety under Vehumet
  8132 | D:8      | Reached XP level 10. HP: 50/50 MP: 25/25
  8164 | D:8      | Got an encrusted leather armour
  8175 | D:8      | Identified the +3 leather armour of Sunlight {+Blink rF+ Stlth+} (You took it off a wight on level 8 of the Dungeon)
  8194 | D:8      | Found Lyegec's Assorted Antiques.
  8209 | D:8      | Offered knowledge of Freeze by Vehumet.
  8230 | D:8      | Found Leuhuddu's Magic Scroll Boutique.
  8280 | D:8      | Reached skill level 10 in Spellcasting
  8602 | D:8      | Found a bloodstained altar of Trog.
  8652 | D:9      | Reached skill level 1 in Evocations
  9058 | D:9      | Offered knowledge of Mephitic Cloud by Vehumet.
  9277 | D:9      | Reached *** piety under Vehumet
  9491 | D:10     | Entered Level 10 of the Dungeon
  9530 | D:10     | Reached skill level 12 in Fire Magic
  9602 | D:10     | Got a steaming robe
  9613 | D:10     | Identified the +1 robe "Mudink" {+Blink rPois rCorr} (You found it on level 10 of the Dungeon)
 10110 | D:11     | Noticed a hill giant
 10110 | D:11     | Noticed a brown ugly thing
 10161 | D:11     | Found a sacrificial altar of Ru.
 10181 | D:11     | Killed a brown ugly thing
 10225 | D:11     | Killed a hill giant
 10227 | D:11     | Noticed a cyclops
 10235 | D:11     | Hit by a large rock thrown by a cyclops

Skill      XL: |  1  2  3  4  5  6  7  8  9 10 |
---------------+-------------------------------+-----
Fire Magic     | 4 5 6 8 9 11 12 | 12.6
Conjurations   | 2 3 4 5 6 7 9 |  9.0
Spellcasting   | 4 5 6 8 9 10 | 10.9
Evocations     | 3 |  3.9
Dodging        | |  2.4
Stealth        | |  2.4

Action                   |  1- 3 |  4- 6 |  7- 9 | 10-12 || total
-------------------------+-------+-------+-------+-------++-------
Melee: Long sword        |       |     1 |    42 |       ||    43
 Cast: Flame Tongue      |    48 |   100 |   299 |   169 ||   616
       Conjure Flame     |       |     3 |     3 |     8 ||    14
       Sticky Flame      |       |       |     5 |     2 ||     7
       Fireball          |       |       |     6 |    16 ||    22
  Use: Potion            |       |       |     2 |       ||     2
       Scroll            |       |       |     8 |     5 ||    13
  Eat: Chunk             |     2 |     4 |    16 |     7 ||    29
       Fruit             |       |       |     1 |     1 ||     2
Armor: Robe              |     3 |     2 |    83 |       ||    88
       Leather armour    |       |       |       |    19 ||    19
Dodge: Dodged            |     7 |    24 |   122 |    38 ||   191
       Rpst.: Long sword |       |     2 |    43 |    10 ||    55
